AoeStats
← Aigle

Arena

506809031Analyzed
1v1 RM · 18d ago on Sep 15, 2026· 41m 37s· 2 players
Game mode
Random Map
Map size
Tiny (2 player)
Population
200
Speed
Normal
Resources
Standard
Victory
Conquest
Starting age
Dark Age
Ending age
Imperial Age
RankedLock teamsTeams togetherTeam positionsShared explorationLock speedFull tech treeHidden civsTurbo modeCheats
Victory
Defeat
🇹🇼 Teutons · Taiwan
861
+18
🇬🇧 Portuguese · United Kingdom
899
-22
flash80102
11:05 Feudal Age
16:25 Castle Age
15:23 Double-Bit Axe
15:22 Horse Collar
22:54 Loom
24:53 Wheelbarrow
27:35 Hand Cart
32:10 Imperial Age
31:03 Fletching
31:24 Forging
31:39 Gold Mining
32:32 Bow Saw
32:30 Heavy Plow
33:06 Redemption
32:43 Cavalier
33:37 Bloodlines
35:15 Hoardings
35:46 Heresy
36:12 Scale Barding Armor
37:49 Chain Barding Armor
39:44 Plate Barding Armor
39:44 Iron Casting
40:44 Scale Mail Armor
40:51 Elite Skirmisher
Aigle
9:46 Feudal Age
11:11 Loom
16:44 Castle Age
24:25 Murder Holes
25:17 Double-Bit Axe
27:34 Ballistics
27:25 Fortified Wall
35:23 Imperial Age
34:46 Husbandry
41:00 Bloodlines
41:12 Bloodlines
41:43 Forging
Connection lost

Rejoining the realm…

Still unreachable

The connection could not be restored.

Session expired

The server has moved on; the page needs a fresh start.